 Dungeon Crawl Stone Soup version 0.20.1-1-g8b1a95d (webtiles) character file.

116 pstr the Conjurer (level 5, -4/28 HPs)
             Began as a Kobold Conjurer on Nov 29, 2017.
             Killed from afar by an orc wizard (6 damage)
             ... with a magic dart
             ... on level 2 of the Dungeon.
             The game lasted 00:08:48 (3428 turns).

pstr the Conjurer (Kobold Conjurer)                 Turns: 3428, Time: 00:08:49

Health: -4/28      AC:  2    Str:  5    XL:     5   Next: 20%
Magic:  3/9        EV: 15    Int: 18    God:
Gold:   154        SH:  0    Dex: 15    Spells: 7/10 levels left

rFire    . . .     SeeInvis .   p - +0 short sword (vamp)
rCold    . . .     Gourm    .   (shield restricted)
rNeg     . . .     Faith    .   a - +0 robe
rPois    .         Spirit   .   (no helmet)
rElec    .         Reflect  .   (no cloak)
rCorr    .         Harm     .   (no gloves)
MR       .....                  (no boots)
Stlth    +.........             (no amulet)
Regen    0.1/turn               (no ring)
MPRegen  0.2/turn               (no ring)

@: confused
A: carnivore 3
a: no special abilities


You were on level 2 of the Dungeon.
You were not hungry.

You visited 1 branch of the dungeon, and saw 3 of its levels.

You collected 154 gold pieces.

Inventory:

Hand Weapons
 p - a +0 vampiric short sword (weapon)
Missiles
 f - 71 arrows
 i - 49 stones (quivered)
Armour
 a - a +0 robe (worn)
 h - a cursed +0 leather armour
 l - a +0 ring mail
 r - a +0 pair of gloves
Wands
 d - a wand of lightning (15/15)
Scrolls
 e - 3 scrolls of identify
 g - 2 scrolls of amnesia
 m - a scroll of recharging
Potions
 n - 2 potions of flight
Books
 b - a book of Conjurations

   Spells                             Type                      Level
   a - Magic Dart                     Conjuration                  1
   b - Searing Ray                    Conjuration                  2
   c - Dazzling Spray                 Conjuration/Hexes            3
   d - Fulminant Prism                Conjuration/Hexes            4
   e - Force Lance                    Conjuration/Translocation    4
   f - Iskenderun's Mystic Blast      Conjuration                  4
Comestibles
 c - a meat ration
 j - 2 royal jellies
 q - 2 chunks of flesh


   Skills:
 + Level 2.9 Dodging
 + Level 3.2 Stealth
 + Level 0.2 Unarmed Combat
 + Level 3.1 Spellcasting
 + Level 5.2 Conjurations


You had 7 spell levels left.
You knew the following spells:

 Your Spells              Type           Power        Failure   Level  Hunger
a - Magic Dart            Conj           ###.         1%          1    None
b - Searing Ray           Conj           ###...       2%          2    ##.....


Dungeon Overview and Level Annotations

Branches:
Dungeon (3/15)

Altars:


Innate Abilities, Weirdness & Mutations

You are small and have problems with some larger weapons.
You are carnivorous and can eat meat at any time.


Message History

The orc wizard points at you and mumbles some strange words.
You are more confused.
You're too confused to cast spells.
You're too confused!
Wield which item (- for none, * to show all)? (? for menu, Esc to quit)
Really wield
p - a vampiric short sword?
You feel a dreadful hunger.
p - a +0 vampiric short sword (weapon)
You bump into the rock wall.
The orc wizard mumbles some strange words.
The orc wizard flickers and vanishes!
Deactivating autopickup; reactivate with Ctrl-A.
You miss something.
You hear some strange, mumbled words.
You are more confused.
You're too confused to move!
You hear some strange, mumbled words.
A magic dart appears from out of thin air!
The magic dart hits you!
You die...

[..............# #.#.#...#.####.#
##.............# #.#.#.###.# #..
.#.............###.#.....#.######
.##............#.)...#.#.#.......
.##............#.#.#.#.#.########
.##............#.#.#.#......# ###
###)...........#.#.#.#......# #..
......†..%.....#.#.#.#......# #.#
###...>......#.#@#...#......# #.#
# #............#{#####....[.###'#
# #..........###.#.....##........
# ##.###.......#.#.....†.........
# ##.#########'#%#.######........
# #..............#....###........
# #..............###..........)..
# #..............# #..........>..
# #..............# #.............


There were no monsters in sight!

Vanquished Creatures
  2 adders
  5 worms
  2 dart slugs
  5 orcs (D:3)
  3 bats
  5 giant cockroaches
  11 goblins
  11 hobgoblins
  4 jackals (D:2)
  8 kobolds
  A quokka (D:2)
  4 ball pythons
  3 frilled lizards (D:2)
  6 rats
70 creatures vanquished.

Notes
Turn   | Place    | Note
-------+----------+-------------------------------------------
     0 | D:1      | pstr the Kobold Conjurer began the quest for the Orb.
     0 | D:1      | Reached XP level 1. HP: 10/10 MP: 3/3
   184 | D:1      | Reached XP level 2. HP: 12/15 MP: 1/5
   188 | D:1      | Learned a level 2 spell: Searing Ray
   584 | D:1      | Reached XP level 3. HP: 19/19 MP: 2/6
  1313 | D:3      | Reached XP level 4. HP: 4/24 MP: 0/8
  1884 | D:2      | Reached skill level 5 in Conjurations
  3027 | D:3      | Reached XP level 5. HP: 28/28 MP: 6/9
  3420 | D:2      | HP: 1/28 [something/magic dart (9)]
  3428 | D:2      | Killed from afar by an orc wizard

Skill      XL: |  1  2  3  4  5 |
---------------+----------------+-----
Stealth        | 3 |  3.2
Conjurations   | 5 |  5.2
Spellcasting   | 3 |  3.1
Dodging        | |  2.9
Unarmed Combat | |  0.2

Action                   |  1- 3 |  4- 6 || total
-------------------------+-------+-------++-------
Melee: Unarmed           |    20 |     9 ||    29
       Short sword       |       |     1 ||     1
 Cast: Magic Dart        |    51 |    72 ||   123
       Searing Ray       |     9 |    13 ||    22
  Use: Potion            |     2 |       ||     2
       Scroll            |       |     4 ||     4
 Stab: Invisible         |       |     2 ||     2
  Eat: Chunk             |     8 |     9 ||    17
Armor: Robe              |     3 |     1 ||     4
Dodge: Dodged            |    41 |    24 ||    65
